 Dungeon Crawl Stone Soup version 0.30.0-10-gfe55d96785 (webtiles) character file.

Game seed: 9655659331874957481

164 Firecrotchwizard the Chopper (level 5, -1/47 HPs)
             Began as a Hill Orc Monk on May 15, 2023.
             Slain by an ogre
             ... wielding a +0 giant spiked club
              (21 damage)
             ... on level 3 of the Dungeon.
             The game lasted 00:03:38 (2236 turns).

Firecrotchwizard the Chopper (Hill Orc Monk)        Turns: 2236, Time: 00:03:38

Health: -1/47      AC:  9    Str: 16    XL:     5   Next: 45%
Magic:  5/5        EV: 10    Int: 10    God:
Gold:   127        SH:  0    Dex: 13    Spells: 4/4 levels left

rFire   . . .        a - +0 hand axe
rCold   . . .        d - orb {light}
rNeg    . . .        m - +0 scale mail
rPois   .            (no helmet)
rElec   .            (no cloak)
rCorr   .            l - +2 pair of gloves
SInv    .            (no boots)
Will    .....        (no amulet) Stlth
                     (no ring)
HPRegen 0.27/turn    (no ring)
MPRegen 0.09/turn

%: no passive effects
@: glowing
A: no striking features
a: no special abilities


You were on level 3 of the Dungeon.
You visited 1 branch of the dungeon, and saw 4 of its levels.

You collected 127 gold pieces.

Inventory:

Hand Weapons
 a - a +0 hand axe (weapon)
Missiles
 k - 6 poisoned darts (quivered)
Armour
 b - a +0 robe
 d - an orb of light (worn)
 l - a +2 pair of gloves (worn)
 m - a +0 scale mail (worn)
Jewellery
 g - a ring of flight
Scrolls
 f - a scroll of torment {unknown}
 j - a scroll of poison {unknown}
 n - a scroll of identify {unknown}
Potions
 c - 3 potions of ambrosia
 e - 2 potions of curing {unknown}
 h - a potion of berserk rage {unknown}
 i - 2 potions of heal wounds {unknown}
 o - 2 potions of brilliance {unknown}
 p - a potion of degeneration {unknown}
 q - a potion of attraction {unknown}
 r - a potion of magic {unknown}
 s - a potion of mutation {unknown}
 t - a potion of cancellation {unknown}


   Skills:
 + Level 4.7 Fighting
 * Level 6.3 Axes
 + Level 2.4 Armour
 - Level 2.4 Dodging


You had 4 spell levels left.
You didn't know any spells.
Your spell library contained the following spells:

 Spells                   Type           Power      Damage    Failure   Level
 Stone Arrow              Conj/Erth      0%         3d7       99%         3
 Animate Armour           Summ/Erth      0%         N/A       100%        4
 Lehudib's Crystal Spear  Conj/Erth      0%         10d2      100%        8


Dungeon Overview and Level Annotations

Branches:
Dungeon (4/15)
 Temple: D:4-7

Altars:
Vehumet

Annotations:
D:3 Pikel


Message History

There is a stone staircase leading up here.
You climb upwards.
Reactivating autopickup.
There is a stone staircase leading down here.
You climb downwards.
There is a stone staircase leading up here.
You see here a +0 dagger.
r - a fuming red potion You now have 116 gold pieces (gained 11).
You now have 127 gold pieces (gained 11).
s - a blue potion You open the door.
There is an open door here.
Found a stone staircase leading down.
t - a viscous coppery potion
Found a faded altar of an unknown god.
You open the door.
There is an open door here.
A ball python comes into view.
The ball python hisses angrily.
A ball python is nearby!
You barely miss the ball python.
The ball python bites you but does no damage.
The ball python grabs you. The ball python constricts you.
You barely miss the ball python.
The ball python bites you but does no damage.
The ball python constricts you.
You barely miss the ball python.
The ball python bites you but does no damage.
The ball python constricts you.
You completely miss the ball python.
The ball python bites you but does no damage.
The ball python constricts you. The ball python bites you.
The ball python constricts you.
You hit the ball python but do no damage.
The ball python bites you but does no damage.
The ball python constricts you.
You hit the ball python.
You kill the ball python!
HP restored.
You see here a ball python corpse.
You open the door.
There is an open door here.
A giant cockroach comes into view.
A giant cockroach is nearby!
You hit the giant cockroach.
You kill the giant cockroach!
No target in view!
Found 8 stones.
You see here a giant cockroach corpse.
You see here 8 stones.
You see here a giant cockroach corpse.
There is an open door here.
Things that are here:
a +0 ring mail; a +0 short sword; a +0 mace
e - 2 grey potions (gained 1) Partly explored, can't reach some items.
Partly explored, can't reach some items.
(D) Dungeon
Where to? (Enter - D:3, ? - help)
You see here a +0 club.
There is a stone staircase leading down, spattered with blood here.
You climb downwards.
Level annotation: Pikel The lemure shouts!
Pikel hits you but does no damage. The ogre barely misses you.
There is a stone staircase leading up, spattered with blood here.
There are monsters nearby!
The lemure hits you. Pikel barely misses you.
The ogre hits you with a +0 giant spiked club.
You climb upwards.
There is a stone staircase leading down, spattered with blood here.
You slash the ogre!
The ogre is moderately wounded.
You hit Pikel but do no damage. You hit the lemure.
The lemure hits you but does no damage.
Pikel hits you with a +1 whip of freezing!
Pikel freezes you.
You hit the ogre.
The ogre is heavily wounded.
You hit Pikel but do no damage. You hit the lemure.
The ogre closely misses you. The lemure barely misses you.
Pikel hits you but does no damage.
You hit the ogre.
The ogre is severely wounded.
You hit Pikel. You hit the lemure. The lemure hits you.
Pikel closely misses you. The ogre barely misses you.
You hit the ogre.
The ogre is severely wounded.
You closely miss Pikel. You hit the lemure but do no damage.
The lemure hits you.
Pikel hits you with a +1 whip of freezing.
* * * LOW HITPOINT WARNING * * *
Pikel freezes you.
* * * LOW HITPOINT WARNING * * *
You hit the ogre.
The ogre is severely wounded.
You hit Pikel. You barely miss the lemure.
The ogre hits you with a +0 giant spiked club!!
You die...

########### ##
#.........#######<
#.#######.#.....#.
#.........'.....'.
#..######.#.....#.
#OK######.#.....#.
#@5.....#.#.....#.
###...#...########
#...###...# #...
#...# #.#.# #.).
#...# #.#.# #...
#...# #.#.###...
##### #.#..##...
######## #.##.#....
#......###.##.....#


You could see Pikel, an ogre and a lemure.

Vanquished Creatures
  2 hounds (D:3)
  An orc wizard (D:3)
  An adder (D:3)
  A worm (D:3)
  A dart slug (D:1)
  7 orcs (D:3)
  4 endoplasms
  3 giant cockroaches
  5 goblins
  6 hobgoblins
  7 jackals
  3 quokkas
  5 ball pythons
  2 frilled lizards (D:1)
  3 kobolds
  3 rats
54 creatures vanquished.

Notes
Turn   | Place    | Note
-------+----------+-------------------------------------------
     0 | D:1      | Firecrotchwizard the Hill Orc Monk began the quest for the
                  | Orb.
     0 | D:1      | Reached XP level 1. HP: 19/19 MP: 1/1
   166 | D:1      | Reached XP level 2. HP: 20/27 MP: 2/2
   227 | D:1      | Reached skill level 1 in Armour
   493 | D:1      | Reached XP level 3. HP: 15/33 MP: 3/3
   710 | D:1      | Reached skill level 5 in Axes
  1032 | D:3      | You fall into a shaft and drop 1 floor!
  1041 | D:4      | Noticed Pikel
  1041 | D:4      | Noticed an ogre
  1044 | D:4      | Noticed a lemure
  1046 | D:4      | Noticed a lemure
  1048 | D:4      | Noticed a lemure
  1056 | D:3      | Reached XP level 4. HP: 30/40 MP: 4/4
  1189 | D:3      | Found a radiant altar of Vehumet.
  1282 | D:3      | Reached skill level 6 in Axes
  1282 | D:3      | Reached XP level 5. HP: 36/47 MP: 5/5
  2014 | D:3      | Found a faded altar of an unknown god.
  2236 | D:3      | Slain by an ogre

Illustrated notes

Levels and vault maps discovered:
D:1:      wheals_arrival_linesprint, layout_basic
D:2:      layout_loops_cross, roderic_lattice_a
D:3:      layout_basic, fiery_altar_vehumet, ebering_ecumenical_altar_mist
D:4:      layout_rooms, grunt_temple_overflow_holy_war, zin_treasury,
          minmay_strange_pillars, hangedman_abyss_or_decor_lesser_grid,
          hangedman_decor_opposing, minmay_misc_feat_cross, uniq_pikel,
          uniq_menkaure, uniq_ijyb

Skill      XL: |  1  2  3  4 |
---------------+-------------+-----
Armour         | 1 2 |  2.4
Fighting       | 4 |  4.7
Axes           | 5 6 |  6.3
Dodging        | |  2.4

Action                     |  1- 3 |  4- 6 || total
---------------------------+-------+-------++-------
  Melee: Hand axe          |    87 |   100 ||   187
 Armour: Robe              |     9 |       ||     9
         Scale mail        |    15 |    35 ||    50
  Dodge: Dodged            |    78 |    52 ||   130
